Map: Dust Bowl

Players

kirich - Winner!

  • Race: Terran Terran
  • League: Gold
  • Spawn Location: 3:00

Dragonchief

  • Race: Protoss Protoss
  • Spawn Location: 11:00

ShadowKnight

  • Race: Protoss Protoss
  • Spawn Location: 9:00

Anoflix

  • Race: Protoss Protoss
  • League: Silver
  • Spawn Location: 12:00

Fanatic - Winner!

  • Race: Protoss Protoss
  • Spawn Location: 6:00

Hindulaatti - Winner!

  • Race: Protoss Protoss
  • League: Platinum
  • Spawn Location: 5:00

VOD

Have the link to the VOD?

Description

Time

  • Played on: Nov. 30, 2014, 3:42 p.m.
  • Length: 15:56
Show
View Real Time Build Order
Export as new Build Order

kirich Terran - Winner!

Build Orders: MMM Bio 

Get SALT Encoding   

  12  0:11  Supply Depot  
  12  0:13  SCV  
  13  0:25  SCV  
  14  0:37  SCV, Barracks  
  15  0:54  Barracks  
  15  1:00  Supply Depot  
  15  1:05  Refinery  
  15  1:14  SCV  
  15  1:16  Refinery  
  16  1:26  SCV  
  16  1:31  Supply Depot  
  17  1:45  Orbital Command  
  17  1:54  Reaper  
  17  1:57  Reaper  
  19  2:15  SCV  
  20  2:26  Reaper  
  20  2:27  SCV  
  20  2:29  Reaper  
  23  2:39  SCV  
  24  2:58  Reaper  
  24  3:01  Reaper  
  24  3:30  Reaper  
  26  3:38  Engineering Bay  
  26  3:41  Factory  
  26  3:47  Factory  
  26  3:48  Supply Depot  
  26  3:50  Supply Depot  
  26  3:58  Barracks  
  26  3:59  Barracks x2  
  27  4:04  Barracks Tech Lab  
  25  4:13  SCV  
  25  4:14  Barracks Reactor  
  26  4:18  Terran Infantry Weapons Level 1  
  26  4:25  SCV  
  26  4:27  Factory Tech Lab  
  27  4:32  Factory Tech Lab  
  27  4:38  Missile Turret  
  27  4:39  Missile Turret  
  27  4:51  Marine x5  
  27  4:52  Marine  
  33  4:59  Siege Tank  
  39  5:07  Siege Tank  
  39  5:09  Marine  
  40  5:15  Starport  
  40  5:25  Stimpack  
  40  5:57  Command Center  
  40  6:12  Terran Infantry Armor Level 1  
  40  6:16  Refinery  
  40  6:17  Refinery  
  40  6:23  Medivac  
  42  6:37  Marine  
  42  6:38  Marine x3  
  46  6:44  SCV  
  47  6:53  Medivac, Siege Tank  
  52  6:56  SCV  
  53  7:15  Orbital Command  
  53  7:21  Marine  
  53  7:22  Marine x5  
  59  7:23  Medivac  
  61  7:34  Combat Shields  
  56  7:56  Marauder, Marine  
  59  8:07  Siege Tank x2  
  59  8:10  Medivac  
  67  8:15  Barracks Reactor x2  
  67  8:18  Barracks Reactor  
  54  10:10  Marauder, Marine  
  54  10:11  Marine x7  
  61  10:23  Supply Depot  
  61  10:24  Supply Depot  
  55  10:28  Marine  
  55  10:29  Marine x7  
  55  10:31  Supply Depot  
  55  10:32  Marauder  
  55  10:33  Starport Reactor  
  65  10:46  Marine  
  65  10:47  Marine x7  
  73  10:53  Marauder  
  75  11:00  Armory  
  75  11:04  Marine x2  
  77  11:21  Command Center  
  77  11:41  Missile Turret x2, Refinery  
  77  11:44  Marauder, Marine  
  77  11:45  Marine  
  77  11:46  Marine  
  77  11:47  Refinery, Marine  
  82  11:50  Missile Turret  
  83  12:03  Missile Turret  
  83  12:06  Bunker, Barracks  
  71  12:25  Barracks  
  43  12:43  Marauder, Marine x4  
  43  12:44  Marine x4  
  42  13:01  Marine  
  42  13:02  Marine x2  
  42  13:04  Marauder  
  47  13:14  Siege Tank  
  47  13:19  Siege Tank  
  53  13:26  Marauder  
  55  13:29  Marine  
  55  13:30  Marine x2  
  58  13:46  Siege Tank  
  58  13:47  Marauder  
  63  14:09  Marauder  
  45  14:47  Marauder, Marine x4  
  45  14:48  Marine x4  
  55  14:57  Siege Tank x2  
  61  15:01  Medivac  
  61  15:03  Medivac  
  61  15:05  Marine x7  
  61  15:06  Marine  
  73  15:08  Marauder  
  73  15:10  Orbital Command  
  75  15:23  Marine x8  
  83  15:30  Marauder  
Show
View Real Time Build Order
Export as new Build Order

Dragonchief Protoss 

Build Orders: Double Forge 

Get SALT Encoding   

  12  0:03  Probe  
  13  0:15  Probe  
  14  0:21  Pylon  
  14  0:39  Probe (Chrono Boost)  
  14  0:40  Gateway  
  15  0:51  Probe (Chrono Boost)  
  16  0:58  Assimilator  
  16  1:00  Probe (Chrono Boost)  
  17  1:08  Pylon  
  17  1:09  Probe (Chrono Boost)  
  19  1:18  Probe (Chrono Boost)  
  19  1:26  Probe  
  19  1:27  Cybernetics Core  
  20  1:38  Assimilator, Probe  
  21  1:50  Probe  
  22  2:02  Probe  
  22  2:03  Stalker (Chrono Boost)  
  22  2:05  Warp Gate (Chrono Boost)  
  25  2:15  Nexus  
  25  2:29  Stalker (Chrono Boost)  
  27  3:30  Stalker  
  29  3:35  Probe  
  29  3:37  Pylon  
  29  3:39  Probe  
  31  3:48  Probe  
  32  3:51  Probe  
  33  4:00  Probe  
  36  4:03  Probe  
  36  4:05  Robotics Facility  
  36  4:07  Pylon  
  37  4:12  Pylon  
  37  4:13  Probe (Chrono Boost)  
  37  4:15  Probe (Chrono Boost)  
  37  4:17  Pylon  
  37  4:20  Pylon  
  38  4:25  Gateway  
  38  4:26  Gateway  
  38  4:27  Probe (Chrono Boost)  
  38  4:30  Probe (Chrono Boost)  
  39  4:35  Probe (Chrono Boost)  
  41  4:42  Probe (Chrono Boost)  
  41  4:43  Mothership Core (Chrono Boost)  
  43  4:49  Forge  
  43  4:51  Forge  
  43  5:08  Pylon, Probe (Chrono Boost)  
  43  5:10  Pylon  
  43  5:13  Probe (Chrono Boost)  
  45  5:17  Immortal (Chrono Boost)  
  45  5:19  Probe (Chrono Boost)  
  51  5:22  Probe (Chrono Boost)  
  51  5:23  Protoss Ground Weapons Level 1 (Chrono Boost)  
  51  5:24  Protoss Ground Armor Level 1 (Chrono Boost)  
  51  5:26  Probe (Chrono Boost)  
  52  5:29  Probe  
  53  5:36  Stalker x3  
  53  5:37  Probe  
  53  5:41  Assimilator, Probe  
  61  5:44  Assimilator  
  61  5:49  Observer, Probe  
  63  5:53  Probe  
  64  6:16  Robotics Bay  
  64  6:24  Gateway  
  64  6:26  Gateway  
  64  6:28  Pylon  
  64  6:30  Twilight Council  
  64  6:43  Stalker x3  
  70  6:53  Immortal  
  74  7:03  Extended Thermal Lance (Chrono Boost)  
  74  7:06  Protoss Ground Weapons Level 2 (Chrono Boost)  
  74  7:19  Blink (Chrono Boost)  
  74  7:42  Stalker x2  
  78  7:44  Stalker  
  80  7:58  Stalker x2  
  71  8:25  Probe (Chrono Boost)  
  60  8:35  Probe (Chrono Boost)  
  60  8:36  Probe (Chrono Boost)  
  60  8:41  Probe (Chrono Boost)  
  57  8:42  Probe  
  57  8:43  Stalker x4  
  65  8:53  Probe  
  65  8:54  Probe  
  67  9:05  Probe  
  67  9:07  Probe  
  63  9:17  Probe  
  63  9:19  Probe  
  57  9:29  Probe, Stalker x4  
  57  9:30  Stalker  
  57  9:31  Probe  
  69  9:41  Probe  
  69  9:43  Probe  
  45  10:04  Stalker  
  45  10:05  Stalker x4  
  53  10:37  Probe (Chrono Boost)  
  53  10:42  Probe (Chrono Boost)  
  56  10:50  Probe (Chrono Boost)  
  56  10:51  Probe (Chrono Boost)  
  56  10:58  Probe  
  56  10:59  Probe  
  58  11:10  Probe  
  58  11:11  Probe  
  60  11:23  Probe x2  
  62  11:48  Nexus  
  62  11:51  Pylon  
  62  11:52  Pylon  
  62  11:53  Probe x2  
  64  11:55  Assimilator  
  64  12:05  Probe x2  
  64  12:06  Assimilator  
  62  12:17  Probe  
  62  12:18  Probe  
  62  12:21  Zealot x2  
  62  12:22  Zealot x3  
  74  12:29  Probe  
  55  13:04  Stalker  
  53  13:05  Stalker x2  
  53  13:06  Stalker x2  
  61  13:14  Protoss Ground Weapons Level 3 (Chrono Boost)  
  61  13:15  Protoss Ground Armor Level 2 (Chrono Boost)  
  61  13:25  Charge  
  45  14:26  Stalker x5  
Show
View Real Time Build Order
Export as new Build Order

ShadowKnight Protoss 

Build Orders:  

Get SALT Encoding   

  12  0:01  Probe  
  13  0:15  Pylon  
  13  0:18  Probe  
  14  0:33  Probe (Chrono Boost)  
  15  0:42  Probe (Chrono Boost)  
  16  0:43  Gateway  
  16  0:48  Assimilator  
  16  0:50  Probe  
  16  0:55  Assimilator  
  17  1:02  Probe (Chrono Boost)  
  19  1:13  Probe (Chrono Boost)  
  19  1:19  Probe (Chrono Boost)  
  20  1:31  Pylon, Probe  
  20  1:32  Cybernetics Core  
  21  1:40  Gateway  
  21  1:43  Probe  
  22  1:55  Probe  
  22  1:57  Zealot (Chrono Boost)  
  25  2:07  Probe  
  24  2:16  Stalker (Chrono Boost)  
  24  2:20  Probe  
  24  2:32  Stalker (Chrono Boost), Probe  
  21  2:44  Probe  
  21  2:58  Stalker (Chrono Boost)  
  18  3:05  Probe (Chrono Boost)  
  16  3:17  Probe (Chrono Boost)  
  17  3:25  Probe (Chrono Boost)  
  17  3:34  Probe (Chrono Boost)  
  18  3:46  Probe (Chrono Boost)  
  20  3:55  Probe (Chrono Boost)  
  20  3:59  Warp Gate  
  20  4:01  Sentry  
  22  4:03  Probe  
  24  4:19  Mothership Core (Chrono Boost)  
  25  4:33  Probe  
  26  4:45  Probe  
  27  4:57  Probe (Chrono Boost)  
  28  5:06  Nexus  
  29  5:08  Probe (Chrono Boost)  
  29  5:14  Probe  
  30  5:36  Pylon  
  30  5:46  Stargate  
  30  5:49  Robotics Facility  
  30  5:54  Probe  
  31  6:06  Probe (Chrono Boost)  
  32  6:16  Sentry  
  32  6:17  Probe (Chrono Boost)  
  35  6:22  Probe (Chrono Boost)  
  37  6:29  Probe (Chrono Boost)  
  37  6:32  Probe (Chrono Boost)  
  38  6:36  Forge  
  38  6:37  Probe (Chrono Boost)  
  38  6:38  Observer (Chrono Boost)  
  38  6:39  Probe (Chrono Boost)  
  41  6:51  Probe (Chrono Boost)  
  41  6:53  Probe (Chrono Boost)  
  43  6:58  Probe (Chrono Boost)  
  43  6:59  Immortal (Chrono Boost)  
  43  7:00  Probe  
  43  7:01  Pylon  
  49  7:07  Assimilator  
  49  7:08  Probe  
  50  7:11  Assimilator  
  50  7:13  Protoss Ground Weapons Level 1 (Chrono Boost)  
  50  7:20  Probe (Chrono Boost)  
  50  7:21  Probe (Chrono Boost)  
  52  7:33  Probe (Chrono Boost)  
  54  7:38  Probe (Chrono Boost)  
  54  7:42  Twilight Council, Probe (Chrono Boost)  
  55  7:45  Probe (Chrono Boost)  
  55  7:50  Pylon  
  55  7:51  Probe  
  57  7:53  Pylon  
  57  7:57  Probe (Chrono Boost)  
  58  8:05  Probe (Chrono Boost)  
  59  8:09  Immortal  
  59  8:10  Probe (Chrono Boost)  
  64  8:16  Probe (Chrono Boost)  
  65  8:27  Probe  
  64  8:29  Stalker x2  
  64  8:31  Blink (Chrono Boost)  
  64  8:32  Probe  
  69  8:39  Probe  
  70  8:44  Probe  
  71  8:49  Immortal  
  71  8:51  Probe  
  76  8:57  Probe  
  76  9:02  Zealot  
  75  9:03  Probe, Zealot  
  70  9:28  Pylon  
  70  9:29  Pylon  
  70  9:30  Pylon  
  70  9:33  Gateway  
  70  9:35  Gateway  
  70  9:36  Gateway  
  70  9:40  Probe x2  
  68  9:52  Probe x2  
  68  9:59  Stalker x2  
  70  10:07  Probe (Chrono Boost)  
  70  10:15  Mothership Core (Chrono Boost)  
  70  10:18  Nexus  
  71  10:31  Sentry x2  
  75  10:46  Stalker  
  73  10:51  Probe  
  74  11:01  Probe  
  74  11:03  Probe  
  76  11:05  Pylon  
  76  11:07  Assimilator  
  76  11:09  Charge (Chrono Boost), Immortal (Chrono Boost), Templar Archives  
  76  11:11  Assimilator  
  80  11:14  Stalker  
  80  11:16  Probe  
  83  11:20  Protoss Ground Weapons Level 2 (Chrono Boost)  
  83  11:26  Probe  
  83  11:28  Probe  
  85  11:35  Probe  
  85  11:37  Phoenix  
  85  11:38  Probe  
  87  11:41  Probe  
  87  11:44  Immortal  
  92  11:48  High Templar x2  
  92  11:49  High Templar  
  74  12:35  Probe (Chrono Boost)  
  67  12:37  Zealot x3  
  67  12:39  Archon, Probe (Chrono Boost)  
  67  12:41  Probe (Chrono Boost)  
  70  12:46  Probe (Chrono Boost)  
  70  12:48  Probe (Chrono Boost)  
  70  12:53  Probe (Chrono Boost)  
  70  12:55  Probe x2 (Chrono Boost)  
  72  12:59  Zealot x3  
  72  13:00  Probe (Chrono Boost)  
  82  13:11  Probe x2 (Chrono Boost)  
  82  13:12  Mothership Core (Chrono Boost)  
  75  13:21  Gateway x2  
  75  13:29  Gateway  
  75  13:31  Gateway  
  74  13:38  High Templar x2  
  74  13:40  Psionic Storm  
  74  13:41  Zealot  
  80  13:42  Probe  
  80  13:43  Probe  
  80  13:45  Archon  
  82  13:53  Probe  
  82  13:55  Gateway  
  83  13:56  Gateway  
  83  13:59  Gateway  
  83  14:00  Photon Cannon  
  83  14:01  Gateway, Photon Cannon  
  83  14:08  Stalker x3  
  63  14:33  Stalker  
  63  14:34  Stalker x3  
  67  14:48  Immortal (Chrono Boost)  
  71  14:57  High Templar x6  
  71  14:58  High Templar  
  71  14:59  Pylon  
  85  15:01  Pylon  
  85  15:03  Archon x2  
Show
View Real Time Build Order
Export as new Build Order

Anoflix Protoss 

Build Orders:  

Get SALT Encoding   

  12  0:03  Probe  
  13  0:15  Probe  
  13  0:21  Pylon  
  14  0:37  Pylon  
  14  0:40  Gateway  
  14  0:46  Probe (Chrono Boost)  
  15  0:56  Probe (Chrono Boost)  
  16  1:03  Assimilator, Probe (Chrono Boost)  
  17  1:09  Assimilator  
  17  1:13  Probe (Chrono Boost)  
  18  1:29  Cybernetics Core  
  18  1:33  Zealot  
  21  1:40  Probe (Chrono Boost)  
  21  1:51  Pylon  
  21  1:52  Probe (Chrono Boost)  
  22  1:58  Probe (Chrono Boost)  
  23  2:09  Probe  
  24  2:21  Probe  
  25  2:23  Stargate  
  25  2:31  Robotics Facility  
  25  2:38  Stalker (Chrono Boost)  
  25  2:42  Probe (Chrono Boost)  
  29  2:51  Probe (Chrono Boost)  
  29  2:59  Probe  
  30  3:11  Probe (Chrono Boost)  
  31  3:24  Mothership Core (Chrono Boost)  
  33  3:38  Probe  
  34  3:56  Probe (Chrono Boost)  
  34  3:57  Robotics Bay  
  35  4:06  Probe (Chrono Boost)  
  36  4:10  Pylon  
  36  4:12  Pylon  
  36  4:28  Immortal (Chrono Boost)  
  36  5:15  Disruptor (Chrono Boost)  
  36  5:35  Probe (Chrono Boost)  
  37  5:45  Probe (Chrono Boost)  
  38  5:53  Probe  
  39  6:05  Probe  
  40  6:17  Probe  
  41  6:28  Stalker (Chrono Boost)  
  43  6:33  Probe (Chrono Boost)  
  44  6:40  Pylon  
  44  6:42  Pylon  
  44  6:43  Pylon, Probe (Chrono Boost)  
  45  6:48  Pylon  
  45  6:51  Stalker, Probe  
  48  7:21  Stalker  
  35  7:49  Probe (Chrono Boost)  
  37  7:59  Probe (Chrono Boost)  
  37  8:02  Disruptor (Chrono Boost)  
  37  8:06  Probe  
  38  8:18  Probe  
  35  8:31  Probe  
  30  9:41  Disruptor (Chrono Boost)  
  17  11:09  Gateway  
  17  11:10  Gateway  
  17  11:12  Gateway  
  17  11:14  Probe (Chrono Boost), Gateway  
  18  11:20  Gateway, Warp Gate (Chrono Boost)  
  18  11:25  Gateway, Probe (Chrono Boost)  
  19  11:32  Probe  
  17  11:44  Probe (Chrono Boost)  
  17  11:46  Forge  
  19  11:56  Probe (Chrono Boost)  
  19  12:02  Probe (Chrono Boost)  
  20  12:09  Nexus  
  20  12:23  Photon Cannon  
  20  12:25  Photon Cannon  
  19  12:31  Photon Cannon  
  14  12:58  Probe (Chrono Boost)  
  13  13:08  Probe (Chrono Boost)  
  13  13:10  Stalker x3  
  13  13:11  Stalker  
  13  13:12  Stalker x3  
  28  13:15  Probe  
  29  13:21  Pylon, Probe  
  30  13:27  Probe  
  30  13:28  Pylon  
  30  13:33  Probe  
  32  13:39  Probe  
  33  13:45  Probe  
  38  13:58  Probe (Chrono Boost)  
  38  14:02  Disruptor (Chrono Boost)  
  39  14:08  Stalker  
  39  14:09  Stalker  
  44  14:10  Probe (Chrono Boost)  
  45  14:17  Probe (Chrono Boost)  
  45  14:27  Probe  
  45  14:31  Stalker x2  
  40  14:50  Stalker x2  
  40  14:51  Stalker  
  24  15:42  Stalker x3  
  28  15:43  Stalker x2  
  28  15:44  Stalker  
  28  15:45  Stalker  
Show
View Real Time Build Order
Export as new Build Order

Fanatic Protoss - Winner!

Build Orders:  

Get SALT Encoding   

  12  0:02  Probe  
  13  0:16  Pylon  
  13  0:18  Probe  
  14  0:34  Probe (Chrono Boost)  
  15  0:45  Forge  
  15  0:46  Probe (Chrono Boost)  
  16  0:53  Probe (Chrono Boost)  
  17  1:04  Probe (Chrono Boost)  
  18  1:15  Probe (Chrono Boost)  
  19  1:20  Pylon  
  19  1:22  Probe (Chrono Boost)  
  20  1:27  Gateway  
  20  1:30  Assimilator  
  20  1:33  Assimilator  
  20  1:34  Probe  
  21  1:43  Photon Cannon  
  21  1:50  Pylon  
  21  1:57  Pylon  
  20  2:14  Photon Cannon  
  20  2:15  Pylon  
  20  2:27  Photon Cannon  
  20  2:30  Probe (Chrono Boost)  
  21  2:40  Pylon  
  21  2:42  Pylon, Probe (Chrono Boost)  
  22  2:48  Probe (Chrono Boost)  
  23  2:59  Probe (Chrono Boost)  
  23  3:01  Cybernetics Core  
  23  3:07  Probe (Chrono Boost)  
  24  3:24  Nexus  
  24  3:29  Pylon  
  24  3:34  Pylon  
  24  3:35  Probe  
  25  3:52  Robotics Facility  
  25  3:54  Probe (Chrono Boost)  
  26  3:57  Warp Gate (Chrono Boost)  
  26  4:06  Probe (Chrono Boost)  
  27  4:12  Pylon  
  27  4:15  Probe (Chrono Boost)  
  28  4:19  Protoss Ground Weapons Level 1 (Chrono Boost)  
  28  4:23  Mothership Core  
  30  4:26  Stalker  
  32  4:38  Photon Cannon  
  33  4:46  Probe (Chrono Boost)  
  33  4:47  Assimilator  
  33  4:52  Probe (Chrono Boost)  
  35  5:02  Probe x2 (Chrono Boost)  
  36  5:09  Immortal  
  36  5:11  Probe (Chrono Boost)  
  36  5:13  Probe (Chrono Boost)  
  44  5:21  Pylon  
  44  5:22  Probe (Chrono Boost)  
  44  5:24  Probe (Chrono Boost)  
  44  5:28  Probe (Chrono Boost)  
  45  5:40  Probe (Chrono Boost)  
  45  5:42  Assimilator  
  47  5:47  Probe (Chrono Boost)  
  47  5:48  Immortal (Chrono Boost)  
  47  5:49  Probe (Chrono Boost)  
  52  5:54  Probe  
  53  5:58  Probe (Chrono Boost)  
  53  6:01  Gateway  
  53  6:02  Gateway  
  53  6:04  Gateway  
  54  6:10  Probe (Chrono Boost)  
  56  6:12  Probe (Chrono Boost)  
  57  6:19  Probe (Chrono Boost)  
  57  6:29  Pylon  
  57  6:30  Probe  
  58  6:34  Warp Prism  
  61  6:54  Probe  
  61  6:57  Probe  
  61  6:59  Pylon  
  61  7:01  Pylon  
  62  7:02  Nexus  
  62  7:05  Pylon  
  62  7:12  Probe  
  62  7:13  Pylon, Probe  
  64  7:28  Stalker x4  
  72  7:33  Probe x2  
  72  7:36  Protoss Ground Armor Level 1 (Chrono Boost)  
  74  7:43  Photon Cannon  
  74  7:45  Gateway, Probe x2  
  74  7:46  Gateway  
  74  7:50  Gateway  
  76  7:53  Pylon  
  76  8:04  Assimilator  
  76  8:18  Zealot x4  
  72  8:41  Probe x2  
  74  8:53  Probe x2  
  76  9:06  Zealot  
  76  9:07  Zealot x6  
  90  9:11  Protoss Shields Level 1 (Chrono Boost)  
  90  9:17  Pylon  
  90  9:19  Probe  
  91  9:28  Robotics Facility  
  91  9:31  Robotics Facility, Probe  
  91  9:34  Photon Cannon  
  91  9:37  Zealot x6  
  91  9:38  Zealot  
  106  10:00  Twilight Council  
  106  10:33  Stalker x4  
  106  10:34  Stalker x3  
  72  11:12  Robotics Bay  
  72  11:16  Assimilator  
  72  11:23  Gateway  
  72  11:24  Nexus  
  72  11:25  Gateway  
  72  11:31  Gateway x2  
  72  11:33  Protoss Ground Weapons Level 2 (Chrono Boost)  
  72  11:34  Forge  
  72  11:35  Charge (Chrono Boost)  
  72  11:40  Zealot  
  74  11:48  Pylon  
  74  11:53  Pylon  
  74  12:00  Colossus x2 (Chrono Boost)  
  92  12:03  Colossus (Chrono Boost)  
  92  12:07  Extended Thermal Lance (Chrono Boost)  
  92  12:11  Protoss Ground Armor Level 2 (Chrono Boost)  
  92  12:17  Assimilator  
  92  12:19  Assimilator  
  92  12:21  Photon Cannon  
  92  12:25  Probe (Chrono Boost)  
  93  12:35  Probe (Chrono Boost)  
  94  12:42  Probe  
  113  12:47  Colossus (Chrono Boost), Photon Cannon  
  113  12:48  Colossus (Chrono Boost)  
  113  12:51  Colossus (Chrono Boost), Pylon  
  113  13:15  Zealot x4  
  113  13:16  Zealot x6  
  113  13:17  Zealot  
  135  13:25  Colossus (Chrono Boost)  
  141  13:42  Nexus  
  141  13:55  Stalker  
  141  13:56  Stalker x6  
  141  13:57  Stalker x2  
  141  13:58  Stalker  
  161  14:03  Pylon  
  145  14:33  Zealot x2  
  145  14:34  Zealot x7  
  145  14:35  Zealot x2  
  167  14:41  Warp Prism (Chrono Boost)  
Show
View Real Time Build Order
Export as new Build Order

Hindulaatti Protoss - Winner!

Build Orders:  

Get SALT Encoding   

  12  0:01  Probe  
  13  0:14  Pylon  
  13  0:18  Probe  
  14  0:32  Probe  
  14  0:35  Gateway  
  15  0:44  Probe  
  16  0:56  Probe (Chrono Boost)  
  17  0:59  Assimilator  
  17  1:04  Pylon  
  17  1:07  Probe (Chrono Boost)  
  17  1:08  Assimilator  
  18  1:14  Probe (Chrono Boost)  
  19  1:22  Cybernetics Core  
  19  1:26  Probe (Chrono Boost)  
  20  1:35  Probe (Chrono Boost)  
  20  1:39  Zealot  
  23  1:43  Gateway  
  23  1:48  Probe  
  24  1:54  Pylon  
  24  1:58  Warp Gate (Chrono Boost)  
  24  2:02  Probe  
  25  2:14  Probe (Chrono Boost)  
  26  2:22  Robotics Facility  
  27  2:24  Probe (Chrono Boost)  
  27  2:31  Stalker  
  27  2:34  Probe  
  30  2:38  Sentry  
  30  2:43  Pylon  
  33  2:51  Probe  
  33  3:03  Stalker  
  35  3:07  Pylon  
  35  3:09  Stalker  
  37  3:17  Warp Prism  
  39  3:43  Nexus  
  39  3:50  Probe  
  40  3:56  Robotics Bay  
  40  4:05  Probe (Chrono Boost)  
  41  4:14  Assimilator, Pylon  
  41  4:17  Probe (Chrono Boost)  
  42  4:25  Observer (Chrono Boost)  
  42  4:26  Probe (Chrono Boost)  
  42  4:30  Stalker x2  
  50  5:01  Probe x2  
  50  5:06  Disruptor  
  52  5:07  Stalker  
  52  5:13  Probe x2  
  56  5:17  Assimilator  
  56  5:21  Stalker  
  56  5:25  Probe x2  
  60  5:37  Probe  
  61  5:48  Probe  
  61  5:49  Probe  
  67  5:58  Disruptor  
  67  6:07  Probe x2  
  69  6:14  Forge  
  69  6:16  Gateway  
  69  6:17  Gateway  
  69  6:19  Probe  
  69  6:20  Pylon, Stalker x2  
  74  6:35  Gateway  
  74  6:37  Pylon, Gateway  
  74  6:38  Nexus  
  74  6:57  Probe  
  74  6:58  Probe  
  76  7:04  Extended Thermal Lance  
  76  7:06  Stalker x2  
  80  7:14  Probe x2  
  86  7:16  Disruptor  
  86  7:25  Stalker x2  
  86  7:26  Probe x2  
  92  7:46  Pylon  
  92  7:48  Pylon  
  92  7:49  Probe x2  
  94  7:52  Pylon  
  94  7:56  Pylon  
  98  8:00  Disruptor  
  98  8:02  Probe  
  99  8:11  Probe x2  
  97  8:28  Probe x3  
  97  8:29  Stalker  
  97  8:30  Stalker x5  
  112  8:40  Probe  
  113  8:54  Assimilator x2  
  117  9:06  Disruptor (Chrono Boost)  
  116  9:11  Nexus  
  116  9:15  Pylon  
  116  9:24  Stalker x6  
  118  9:31  Probe x3  
  127  9:41  Disruptor  
  127  9:43  Probe  
  122  9:46  Probe  
  122  9:47  Probe  
  108  9:55  Probe  
  95  10:06  Stalker x4  
  95  10:07  Stalker x2  
  93  10:20  Protoss Ground Weapons Level 1 (Chrono Boost)  
  93  10:27  Warp Prism (Chrono Boost)  
  95  10:33  Gateway  
  95  10:35  Gateway  
  95  10:38  Gateway x2  
  95  10:40  Pylon  
  95  10:43  Gateway  
  95  10:45  Pylon  
  95  10:46  Zealot x5  
  95  10:47  Zealot  
  111  11:00  Assimilator, Disruptor (Chrono Boost)  
  111  11:04  Assimilator, Pylon  
  111  11:07  Pylon, Zealot x6  
  127  11:31  Disruptor (Chrono Boost)  
  127  11:43  Zealot  
  127  11:44  Zealot x5  
  139  12:18  Zealot x4  
  139  12:19  Zealot x5  
  157  12:38  Nexus  
  157  12:40  Pylon  
  157  12:42  Pylon, Zealot  
  157  12:43  Zealot x7  
  157  12:44  Zealot x3  
  179  12:59  Protoss Ground Armor Level 1 (Chrono Boost)  
  179  13:04  Twilight Council  
  179  13:07  Pylon  
  179  13:18  Zealot x2  
  179  13:19  Zealot x7  
  193  13:37  Zealot x2  
  191  13:50  Observer Gravitic Boosters  
  191  13:53  Assimilator  
  190  13:59  Zealot x6  
  190  14:00  Assimilator, Zealot x2  
  194  14:46  Warp Prism (Chrono Boost)  
  194  14:47  Gravitic Drive (Chrono Boost)  
  194  14:51  Zealot x3  
  200  15:19  Gateway  
  200  15:20  Warp Prism (Chrono Boost)  
  200  15:22  Gateway  
  200  15:24  Gateway  
  200  15:26  Gateway  
  192  15:28  Gateway  
  192  15:29  Gateway  
  192  15:30  Gateway  
  192  15:32  Gateway  
  192  15:34  Gateway  
  188  15:37  Gateway x2  
  188  15:39  Zealot x5  
  188  15:40  Gateway, Zealot  
  188  15:41  Gateway  
  200  15:44  Gateway  
Tags
 
Add a new tag
Caveats
  • Supply blocks, unpowered buildings, or Contaminate may cause inaccurate times.
  • Supply counts are checked every 10 seconds.